[Event "Titled Tuesday Blitz March 07 Early 2023"]
[White "Odegov, Artem"]
[Black "Afanasieva, Alexandra"]
[WhiteFideId "34183644"]
[BlackFideId "34126926"]
[WhiteElo "2300"]
[BlackElo "1763"]
[Result "1-0"]
[Round "04"]
[TimeControl "180+2"]
[Date "2023.03.07"]
[WhiteClock "0:01:25"]
[BlackClock "0:00:04"]

1. d4 Nf6 2. c4 e6 3. Nf3 b6 4. g3 Ba6 5. b3 d5 6. Bg2 Bb7 7. Nbd2 Be7 8. O-O O-O 9. Bb2 c5 10. e3 Nc6 11. Qe2 Ne4 12. Nxe4 dxe4 13. Ne5 Nxe5 14. dxe5 f5 15. exf6 Bxf6 16. Rad1 Qe7 17. Bxf6 Rxf6 18. Qg4 Rg6 19. Qf4 Rf8 20. Qd6 Qf6 21. Rd2 Qf5 22. Qc7 Ba8 23. Rd7 e5 24. Re7 Rc6 25. Qxa7 Re6 26. Rxg7+ Kh8 27. Re7 Ref6 28. h4 Qh5 29. Qc7 R6f7 30. Rxf7 1-0


[Site "https://www.chess.com"]

[Event "Titled Tuesday Blitz March 07 Early 2023"]
[White "Tsotsonava, Elene"]
[Black "Czopor, Maciej"]
[WhiteFideId "13615939"]
[BlackFideId "21805431"]
[WhiteElo "1829"]
[BlackElo "2324"]
[Result "1/2-1/2"]
[Round "04"]
[TimeControl "180+2"]
[Date "2023.03.07"]
[WhiteClock "0:00:16"]
[BlackClock "0:00:13"]

1. d4 g6 2. e4 Bg7 3. c3 d6 4. Bd3 Nd7 5. Nf3 e5 6. O-O Ne7 7. Re1 O-O 8. Nbd2 h6 9. Nf1 f5 10. dxe5 Nxe5 11. Nxe5 dxe5 12. exf5 gxf5 13. Ng3 e4 14. Bc4+ Kh7 15. Qxd8 Rxd8 16. Bf4 Bd7 17. Bb3 Rac8 18. Rad1 Ng6 19. Bc1 Ne5 20. Nh5 Be8 21. Nxg7 Kxg7 22. Be6 Bd7 23. Bxd7 Rxd7 24. Rxd7+ Nxd7 25. f3 Nc5 26. Be3 Nd3 27. Re2 c5 28. fxe4 fxe4 29. c4 Kg6 30. g4 Rf8 31. Kg2 b6 32. b3 h5 33. h3 hxg4 34. hxg4 Rf3 35. Bd2 Nf4+ 36. Bxf4 Rxf4 37. Kg3 Kg5 38. Rh2 Rxg4+ 39. Kf2 Kf4 40. Rh7 e3+ 41. Kf1 Kf3 42. Rf7+ Rf4 43. Rxa7 Rh4 44. Rf7+ Ke4 45. Rd7 Rh1+ 46. Ke2 Rh2+ 47. Ke1 Rxa2 48. Rd6 Kf3 49. Rf6+ Ke4 50. Rxb6 Kd3 51. Rd6+ Kc3 52. Rd5 Kb4 53. Re5 Rb2 54. Rxe3 Rxb3 55. Rxb3+ Kxb3 56. Kd2 Kb2 57. Kd3 Kb3 58. Kd2 Ka3 59. Kc2 Ka4 60. Kc3 Ka3 61. Kc2 Kb4 62. Kb2 Kxc4 63. Kc2 Kd4 64. Kd2 Kd5 65. Kd3 c4+ 66. Kc3 Kc5 67. Kc2 Kd4 68. Kd2 Kd5 69. Kc3 Kc5 70. Kc2 Kb4 71. Kb2 Kb5 72. Kc3 Kc5 1/2-1/2


[Site "https://www.chess.com"]

[Event "Titled Tuesday Blitz March 07 Early 2023"]
[White "Mohamed, Saeed Laily"]
[Black "Yelisieiev, Yevhenii"]
[WhiteFideId "9314946"]
[BlackFideId "14139642"]
[WhiteElo "1767"]
[BlackElo "2447"]
[Result "0-1"]
[Round "04"]
[TimeControl "180+2"]
[Date "2023.03.07"]
[WhiteClock "0:00:11"]
[BlackClock "0:01:00"]

1. d4 d6 2. e4 Nf6 3. Nc3 e5 4. dxe5 dxe5 5. Qxd8+ Kxd8 6. Bg5 c6 7. O-O-O+ Nd7 8. f4 Kc7 9. fxe5 Ng4 10. Nh3 Ndxe5 11. Bf4 f6 12. Be2 Bc5 13. Bxe5+ Nxe5 14. Ng1 Ng4 15. Bxg4 Bxg4 16. Nf3 Rhe8 17. a3 b5 18. h3 Bh5 19. b4 Bf2 20. g4 Bg6 21. Rhf1 Bg3 22. Nd4 Bxe4 23. Nxe4 Rxe4 24. Nf5 Bf4+ 25. Kb2 g6 26. Nh4 a5 27. Ng2 Be5+ 28. Kb3 axb4 29. axb4 Ra4 30. Rfe1 Rexb4# 0-1


[Site "https://www.chess.com"]

[Event "Titled Tuesday Blitz March 07 Early 2023"]
[White "Fiorito, Joaquin"]
[Black "lisjakzlatko1"]
[WhiteFideId "180173"]
[WhiteElo "2157"]
[BlackElo "2182"]
[Result "1-0"]
[Round "04"]
[TimeControl "180+2"]
[Date "2023.03.07"]
[WhiteClock "0:01:46"]
[BlackClock "0:00:16"]

1. d4 d6 2. e4 Nf6 3. Nc3 c6 4. f4 Qa5 5. Bd3 e5 6. Nf3 Bg4 7. dxe5 dxe5 8. O-O Nbd7 9. h3 Bxf3 10. Qxf3 Be7 11. a3 b5 12. Bd2 Qc7 13. Kh1 O-O 14. f5 a5 15. g4 h6 16. g5 hxg5 17. Bxg5 Rfe8 18. Rg1 Bf8 19. Rg2 Nh7 20. Be3 Ndf6 21. Rag1 b4 22. Rxg7+ Bxg7 23. Bh6 Nh5 24. Qxh5 f6 25. Bxg7 Qxg7 26. Bc4+ Kh8 27. Rxg7 Kxg7 28. Ne2 bxa3 29. bxa3 Red8 30. Ng3 Ng5 31. Qg6+ 1-0


[Site "https://www.chess.com"]

[Event "Titled Tuesday Blitz March 07 Early 2023"]
[White "Samarth, J Rao"]
[Black "Sielecki, Christof"]
[WhiteFideId "46652370"]
[BlackFideId "4620437"]
[WhiteElo "1564"]
[BlackElo "2443"]
[Result "0-1"]
[Round "04"]
[TimeControl "180+2"]
[Date "2023.03.07"]
[WhiteClock "0:00:01"]
[BlackClock "0:00:54"]

1. c4 e6 2. d4 d5 3. Nc3 Nf6 4. cxd5 exd5 5. Bg5 c6 6. e3 h6 7. Bh4 Be7 8. Qc2 O-O 9. Bd3 Re8 10. f3 b5 11. Nge2 a5 12. O-O Ba6 13. a3 Nbd7 14. Bf2 b4 15. Bxa6 Rxa6 16. axb4 Bxb4 17. e4 dxe4 18. fxe4 Ng4 19. h3 Nxf2 20. Rxf2 c5 21. Nd5 Nf6 22. Nxf6+ Rxf6 23. Rxf6 Qxf6 24. d5 Qe5 25. Nc3 c4 26. Rf1 Bc5+ 27. Kh1 Bd6 28. g4 h5 29. Qf2 f6 30. Rg1 h4 31. Rg2 g5 32. Qf5 Qxf5 33. gxf5 Be5 0-1


[Site "https://www.chess.com"]

[Event "Titled Tuesday Blitz March 07 Early 2023"]
[White "Moksh Amit Doshi"]
[Black "Delorme, Alban"]
[WhiteFideId "25064967"]
[BlackFideId "623636"]
[WhiteElo "2297"]
[BlackElo "2196"]
[Result "1-0"]
[Round "04"]
[TimeControl "180+2"]
[Date "2023.03.07"]
[WhiteClock "0:00:46"]
[BlackClock "0:00:55"]

1. c4 Nf6 2. g3 g6 3. Bg2 Bg7 4. Nc3 O-O 5. e4 d6 6. Nge2 c5 7. O-O Nc6 8. d3 Rb8 9. h3 a6 10. f4 Ne8 11. Be3 b5 12. Qd2 Nc7 13. Kh2 Ne6 14. f5 Ned4 15. Nd5 e6 16. f6 Bh8 17. Bxd4 exd5 18. Be3 dxc4 19. Bg5 cxd3 20. Qxd3 Ne5 21. Qc2 Re8 22. Rad1 Be6 23. Nf4 Qc7 24. Nd5 Bxd5 25. Rxd5 c4 26. Rfd1 Rbd8 27. Qd2 Nd3 28. Qc3 Re5 29. R1xd3 Rxg5 30. Rxg5 Bxf6 31. Qxf6 cxd3 32. Rd5 Re8 33. Rxd3 Re6 34. Qc3 Qe7 35. Qd4 h5 36. h4 g5 37. Rc3 gxh4 38. Rc8+ Kh7 39. Qh8+ Kg6 40. Rg8# 1-0


[Site "https://www.chess.com"]

[Event "Titled Tuesday Blitz March 07 Early 2023"]
[White "Yaksin, Oleg"]
[Black "Yang,ching Wei, Austin"]
[WhiteFideId "24105880"]
[BlackFideId "16300440"]
[WhiteElo "2289"]
[BlackElo "2101"]
[Result "0-1"]
[Round "04"]
[TimeControl "180+2"]
[Date "2023.03.07"]
[WhiteClock "0:00:01"]
[BlackClock "0:00:15"]

1. e4 c5 2. Nf3 d6 3. d4 cxd4 4. Nxd4 Nf6 5. Nc3 Nc6 6. Bg5 e6 7. Qd2 a6 8. Nxc6 bxc6 9. Be2 Be7 10. O-O-O d5 11. e5 Nd7 12. Bxe7 Qxe7 13. f4 O-O 14. h4 Rb8 15. h5 Qb4 16. b3 Qa3+ 17. Kb1 a5 18. Ka1 c5 19. h6 g6 20. Nb1 Qb4 21. g4 a4 22. g5 axb3 23. cxb3 Qb6 24. Nc3 Ba6 25. Rc1 Bxe2 26. Nxe2 Ra8 27. Qb2 Rfb8 28. Rh3 c4 29. Rhc3 cxb3 30. a3 Nc5 0-1


[Site "https://www.chess.com"]

[Event "Titled Tuesday Blitz March 07 Early 2023"]
[White "Ozen, Bahadir"]
[Black "Liu, Yi"]
[WhiteFideId "6337058"]
[BlackFideId "3210588"]
[WhiteElo "2503"]
[BlackElo "2264"]
[Result "1-0"]
[Round "04"]
[TimeControl "180+2"]
[Date "2023.03.07"]
[WhiteClock "0:01:06"]
[BlackClock "0:00:25"]

1. g3 d5 2. Nf3 Nc6 3. Bg2 e5 4. d3 Bd6 5. O-O Nf6 6. c3 Be6 7. Qc2 Qd7 8. Ng5 Bf5 9. e4 dxe4 10. dxe4 Bg6 11. Nd2 h6 12. Ngf3 O-O 13. Re1 Rad8 14. Nh4 Bh7 15. Nc4 Qe6 16. Ne3 Ne7 17. b4 g5 18. Nhf5 Nxf5 19. Nxf5 Bxf5 20. exf5 Qc4 21. Qb3 Qxb3 22. axb3 b6 23. Rxa7 Ra8 24. Rxa8 Rxa8 25. Bxa8 Kf8 1-0


[Site "https://www.chess.com"]

[Event "Titled Tuesday Blitz March 07 Early 2023"]
[White "Hebden, Mark L"]
[Black "Zahid, Sanatan"]
[WhiteFideId "400084"]
[BlackFideId "10201963"]
[WhiteElo "2436"]
[BlackElo "1865"]
[Result "0-1"]
[Round "04"]
[TimeControl "180+2"]
[Date "2023.03.07"]
[WhiteClock "0:00:03"]
[BlackClock "0:00:08"]

1. d4 Nf6 2. Nf3 e6 3. c3 b6 4. Bg5 Bb7 5. Nbd2 h6 6. Bxf6 Qxf6 7. e4 g6 8. Bd3 Bg7 9. a4 a6 10. O-O O-O 11. Qe2 d6 12. e5 dxe5 13. Nxe5 Qe7 14. Be4 c5 15. Qf3 Bxe4 16. Nxe4 cxd4 17. cxd4 Ra7 18. Rac1 Rc7 19. Rc3 Rxc3 20. bxc3 Nd7 21. Nxd7 Qxd7 22. Ra1 Rc8 23. h4 Qc6 24. Rb1 b5 25. axb5 axb5 26. Nf6+ Bxf6 27. Qxf6 h5 28. g3 Ra8 29. Qe5 Qxc3 30. Rxb5 Qc1+ 31. Kh2 Qd2 32. Qf6 Qc2 33. Rb7 Rf8 34. Rd7 Qf5 35. Qxf5 gxf5 36. Kg2 Kg7 37. Kf3 Kf6 38. d5 Ra8 39. dxe6 fxe6 40. Rh7 Kg6 41. Re7 Ra3+ 42. Ke2 Ra6 43. Ke3 Ra3+ 44. Ke2 Kf6 45. Rh7 Ke5 46. Rxh5 Ke4 47. Rh6 Ra2+ 48. Ke1 e5 49. Rf6 f4 50. gxf4 exf4 51. h5 Kf3 52. h6 Re2+ 53. Kf1 Rxf2+ 54. Kg1 Rg2+ 55. Kh1 Rg5 56. Kh2 Rh5+ 57. Kg1 Ra5 58. Kh2 Rg5 59. Kh1 Kg3 60. Kg1 Rh5 61. Rg6+ Kf3 62. Rf6 Re5 63. h7 Rg5+ 64. Kf1 Rh5 65. Rg6 Rh1+ 66. Rg1 Rxh7 0-1


[Site "https://www.chess.com"]

[Event "Titled Tuesday Blitz March 07 Early 2023"]
[White "Real_OceanStorm"]
[Black "Bruned, Yvain"]
[BlackFideId "2250292"]
[WhiteElo "2761"]
[BlackElo "2183"]
[Result "1-0"]
[Round "04"]
[TimeControl "180+2"]
[Date "2023.03.07"]
[WhiteClock "0:00:40"]
[BlackClock "0:00:08"]

1. e4 b6 2. d4 Bb7 3. Nf3 e6 4. Nc3 Bb4 5. Bd3 Nf6 6. Bg5 h6 7. Bxf6 Qxf6 8. O-O Bxc3 9. bxc3 d6 10. Re1 O-O 11. e5 Qe7 12. a4 a5 13. c4 dxe5 14. Nxe5 Qd8 15. Qg4 Nd7 16. Nxd7 Qxd7 17. d5 Rae8 18. Qe4 g6 19. dxe6 Qxe6 20. Qxb7 Qxe1+ 21. Rxe1 Rxe1+ 22. Bf1 Rd8 23. g3 Rdd1 24. Qc8+ Kg7 25. Qxc7 Rxf1+ 26. Kg2 Rg1+ 27. Kf3 Rb1 28. c5 bxc5 29. Qxa5 Ra1 30. Qc3+ Kg8 31. a5 Ra2 32. Qxc5 Rga1 33. h4 h5 34. c4 Rxa5 35. Qd6 R5a4 36. Qb8+ Kh7 37. Qc7 Kg8 38. c5 Rc4 39. Qb8+ Kh7 40. Qd6 Rac1 41. Qf8 R1c3+ 42. Kg2 Rxc5 43. Qxf7+ Kh6 44. Qe8 Kh7 45. Qd7+ Kh6 46. Qd4 Rc8 47. Qe5 Kh7 48. g4 hxg4 49. Qe7+ Kh6 50. Qg5+ Kh7 51. h5 gxh5 52. Qxh5+ Kg7 53. Qxg4+ Kh7 54. Qd4 R3c6 55. Qd7+ Kh6 56. Qd2+ Kh7 57. Qd3+ Kh6 58. Qf5 Rg6+ 59. Kf1 Rcg8 60. f4 Rg1+ 61. Ke2 R1g2+ 62. Kf3 R2g3+ 63. Ke4 Re8+ 64. Kd4 Rgg8 65. Qh3+ Kg7 66. Kc3 Kf6 67. Kd2 Rd8+ 68. Kc3 Rde8 69. Qh5 Rc8+ 70. Kd2 Rcd8+ 71. Ke2 Rde8+ 72. Kf2 Ref8 73. Kf3 Re8 74. Qb5 Re7 75. Qd3 Rgg7 76. Qd8 Kf7 77. f5 Rg5 78. Kf4 Rg1 79. Qd5+ Kf8 80. Qc5 Rf1+ 81. Kg5 Kf7 82. Qc4+ 1-0


[Site "https://www.chess.com"]

[Event "Titled Tuesday Blitz March 07 Early 2023"]
[White "EREBUNI91"]
[Black "Fiedorek, Michal"]
[BlackFideId "1199528"]
[WhiteElo "2725"]
[BlackElo "2135"]
[Result "1-0"]
[Round "04"]
[TimeControl "180+2"]
[Date "2023.03.07"]
[WhiteClock "0:00:53"]
[BlackClock "0:01:37"]

1. e4 c5 2. Nf3 Nc6 3. Bb5 d5 4. exd5 Qxd5 5. Nc3 Qe6+ 6. Qe2 Qxe2+ 7. Kxe2 Bd7 8. d3 O-O-O 9. Be3 e6 10. Rad1 Nf6 11. d4 cxd4 12. Nxd4 Nxd4+ 13. Rxd4 a6 14. Bxd7+ Rxd7 15. Rhd1 Be7 16. Rxd7 Nxd7 17. Ne4 Rd8 18. Nd6+ Bxd6 19. Rxd6 Nf6 20. Rxd8+ Kxd8 21. Bg5 Ke7 22. Kd3 h6 23. Bxf6+ Kxf6 24. Kd4 Ke7 25. Kc5 Kd7 26. Kb6 Kc8 27. c4 f5 28. f4 g5 29. g3 Kb8 30. b4 Kc8 31. a4 Kb8 32. a5 Kc8 33. b5 axb5 34. cxb5 e5 35. fxe5 f4 36. gxf4 gxf4 37. a6 bxa6 38. bxa6 1-0


[Site "https://www.chess.com"]

[Event "Titled Tuesday Blitz March 07 Early 2023"]
[White "Mazurkiewicz, Michal"]
[Black "Garcia Ramos, Daniel"]
[WhiteFideId "1124943"]
[BlackFideId "32010311"]
[WhiteElo "2054"]
[BlackElo "2341"]
[Result "0-1"]
[Round "04"]
[TimeControl "180+2"]
[Date "2023.03.07"]
[WhiteClock "0:00:06"]
[BlackClock "0:00:10"]

1. e4 c6 2. d3 d5 3. Nd2 g6 4. Ngf3 Bg7 5. g3 Nd7 6. Bg2 Ngf6 7. O-O O-O 8. e5 Ne8 9. d4 Nc7 10. Re1 f6 11. exf6 exf6 12. h4 Re8 13. c3 Nf8 14. Nf1 Bf5 15. h5 g5 16. Ne3 Be4 17. Ng4 h6 18. Bd2 Qd7 19. Ne3 Qf7 20. g4 Nfe6 21. Nf5 Bf8 22. Qb3 Rab8 23. Re2 Bxf5 24. gxf5 Ng7 25. Rxe8 Ncxe8 26. Nh2 Nxf5 27. Bh3 Ned6 28. Re1 Qxh5 29. Bg4 Qf7 30. f3 h5 31. Bh3 b5 32. Qc2 Ng7 33. Nf1 Re8 34. Ng3 Rxe1+ 35. Bxe1 h4 36. Ne2 f5 37. Bd2 f4 38. Kf1 Ngf5 39. Bg4 Be7 40. Ng1 Ng3+ 41. Kg2 Ndf5 42. Nh3 Qe6 43. Qd1 Kg7 44. Nf2 Ne3+ 45. Bxe3 Qxe3 46. Nd3 Bf6 47. Nc5 Kg6 48. Ne6 Ne4 49. fxe4 dxe4 50. Nf8+ Kf7 51. Nd7 h3+ 52. Bxh3 Qg3+ 53. Kf1 Qxh3+ 54. Ke1 Qh1+ 55. Kd2 e3+ 56. Kc2 Qxd1+ 57. Kxd1 g4 58. Ke2 Ke6 59. Nc5+ Kd5 60. Nd3 Bg5 61. b3 f3+ 62. Kf1 e2+ 63. Kf2 Bh4+ 64. Ke3 e1=Q+ 65. Kf4 Qe4# 0-1


[Site "https://www.chess.com"]

[Event "Titled Tuesday Blitz March 07 Early 2023"]
[White "Karthik Rajaa"]
[Black "Heinemann, Josefine"]
[WhiteFideId "25035215"]
[BlackFideId "12900460"]
[WhiteElo "2215"]
[BlackElo "2342"]
[Result "1-0"]
[Round "04"]
[TimeControl "180+2"]
[Date "2023.03.07"]
[WhiteClock "0:00:32"]
[BlackClock "0:00:01"]

1. Nf3 d5 2. d4 Nf6 3. c4 e6 4. Nc3 c5 5. e3 Nc6 6. a3 dxc4 7. Bxc4 a6 8. d5 exd5 9. Nxd5 Nxd5 10. Bxd5 Be7 11. O-O O-O 12. e4 Qc7 13. Be3 Bg4 14. Rb1 Ne5 15. Bf4 Bxf3 16. gxf3 Bd6 17. Bg3 Rad8 18. f4 Ng6 19. e5 Be7 20. Qf3 b5 21. Rbd1 c4 22. Rfe1 Bc5 23. e6 Qb6 24. exf7+ Kh8 25. f5 Ne7 26. Be6 Bd4 27. Rxd4 Qxd4 28. Be5 Qd2 29. Bc3 Qg5+ 30. Kh1 Rd3 31. Qe4 Qh5 32. f6 Rxc3 33. fxg7+ Kxg7 34. Qd4+ Kh6 35. Qxc3 1-0


[Site "https://www.chess.com"]

[Event "Titled Tuesday Blitz March 07 Early 2023"]
[White "Dinu, Dumitru-Daniel"]
[Black "Hernandez Gonzalez, William"]
[WhiteFideId "1208403"]
[BlackFideId "3509915"]
[WhiteElo "2240"]
[BlackElo "2374"]
[Result "0-1"]
[Round "04"]
[TimeControl "180+2"]
[Date "2023.03.07"]
[WhiteClock "0:00:01"]
[BlackClock "0:01:24"]

1. e4 c5 2. b3 Nc6 3. Bb2 d6 4. Bb5 Nf6 5. Bxc6+ bxc6 6. d3 e5 7. Ne2 Be7 8. O-O O-O 9. f4 Ng4 10. Qd2 exf4 11. Nxf4 Bg5 12. h3 Ne5 13. Qf2 f5 14. Ne2 Qe7 15. Na3 Bd7 16. Bxe5 Qxe5 17. Nc4 Qe7 18. Qg3 d5 19. Ne5 f4 20. Qxg5 Qxg5 21. Nxd7 f3 22. Rxf3 Rxf3 0-1


[Site "https://www.chess.com"]

[Event "Titled Tuesday Blitz March 07 Early 2023"]
[White "Matutururu, Maxman"]
[Black "Maze, Sebastien"]
[WhiteFideId "11004487"]
[BlackFideId "613762"]
[WhiteElo "2414"]
[BlackElo "2462"]
[Result "0-1"]
[Round "04"]
[TimeControl "180+2"]
[Date "2023.03.07"]
[WhiteClock "0:00:01"]
[BlackClock "0:00:14"]

1. d4 Nf6 2. c4 g6 3. Nf3 Bg7 4. g3 O-O 5. Bg2 d6 6. O-O c6 7. Nc3 Qb6 8. e4 Bg4 9. h3 Bxf3 10. Bxf3 Nfd7 11. Ne2 c5 12. Be3 Na6 13. Rb1 Qc7 14. Rc1 Rfd8 15. Bg2 Qa5 16. Qb3 Nb6 17. a3 Rac8 18. Qb5 Qxb5 19. cxb5 cxd4 20. Bxd4 Nc5 21. Bxg7 Kxg7 22. Rfd1 Nb3 23. Rc3 Rxc3 24. bxc3 e5 25. Nc1 Nxc1 26. Rxc1 Rc8 27. Bf1 Kf6 28. f3 Na4 29. c4 Nc5 30. Kf2 Ne6 31. Ke3 Ke7 32. a4 Nd4 33. Be2 f6 34. Bd1 Ra8 35. Rb1 Kd7 36. Kd3 Kc7 37. a5 b6 38. Ra1 Kb7 39. f4 Rf8 40. g4 Ne6 41. fxe5 fxe5 42. Ke3 Rf1 43. axb6 axb6 44. Ke2 Rh1 45. Ra3 Rxh3 46. Rxh3 Nf4+ 47. Kf3 Nxh3 48. Ke3 Ng5 49. Be2 Kc7 50. Bd1 Kd8 51. Be2 Ke7 52. Bd1 Kf6 53. Be2 Ne6 54. Bd1 Kg5 55. Kf3 Kh4 56. Ke3 Kg3 57. Be2 Nf4 58. Bd1 h5 59. gxh5 gxh5 60. Bf3 h4 61. Bh1 h3 62. Kd2 Ng2 0-1


[Site "https://www.chess.com"]

[Event "Titled Tuesday Blitz March 07 Early 2023"]
[White "Issani, Nameer"]
[Black "Shubenkova, Veronika"]
[WhiteFideId "2619130"]
[BlackFideId "44124040"]
[WhiteElo "2598"]
[BlackElo "2027"]
[Result "0-1"]
[Round "04"]
[TimeControl "180+2"]
[Date "2023.03.07"]
[WhiteClock "0:01:45"]
[BlackClock "0:02:26"]

1. c4 e6 2. Nc3 d5 3. cxd5 exd5 4. d4 Nf6 5. Nf3 c6 6. Bf4 Bd6 7. e3 O-O 8. Bd3 Bg4 9. O-O Re8 10. h3 Bxf3 11. Qxf3 Bxf4 12. exf4 Nbd7 13. b3 Nf8 14. f5 Qd6 15. Rfe1 a6 16. Re3 Rxe3 17. fxe3 Re8 18. Kf2 Qb4 19. Rc1 h6 20. g4 N8h7 21. h4 c5 22. Ne2 cxd4 23. Nxd4 Qd2+ 24. Ne2 Qxd3 25. Rc7 Rxe3 0-1


[Site "https://www.chess.com"]

[Event "Titled Tuesday Blitz March 07 Early 2023"]
[White "Chylewski, Patryk"]
[Black "Girsh, Daniel"]
[WhiteFideId "1186191"]
[BlackFideId "30949190"]
[WhiteElo "2163"]
[BlackElo "2075"]
[Result "0-1"]
[Round "04"]
[TimeControl "180+2"]
[Date "2023.03.07"]
[WhiteClock "0:00:01"]
[BlackClock "0:00:18"]

1. e4 e6 2. d4 d5 3. Nd2 Nc6 4. Ngf3 Nf6 5. e5 Nd7 6. Bd3 f6 7. Ng5 Ndxe5 8. dxe5 fxg5 9. Qh5+ Kd7 10. Nf3 Nb4 11. Bxg5 Nxd3+ 12. cxd3 Qe8 13. Qg4 h6 14. Be3 c5 15. O-O b6 16. Bd2 Kd8 17. b4 Ba6 18. bxc5 Bxc5 19. Rfd1 Qd7 20. Bb4 Rc8 21. Bxc5 Rxc5 22. Nd4 Re8 23. Rac1 Bxd3 24. Rxc5 bxc5 25. Nb3 c4 26. Nc5 Qc6 27. Nxd3 cxd3 28. Rxd3 Qc1+ 29. Rd1 Qc2 30. a3 Rf8 31. Rf1 Qf5 32. Qxg7 Rf7 33. Qxh6 Qxe5 34. Qh4+ Kd7 35. Qa4+ Kd8 36. Qa5+ Qc7 37. Qxc7+ Kxc7 38. h4 d4 39. g3 e5 40. Kg2 e4 41. Re1 Re7 42. h5 Kd6 43. g4 Ke5 44. Kg3 d3 45. Kh4 Kf4 46. h6 Kf3 47. g5 Kxf2 48. Ra1 d2 49. g6 e3 50. g7 Re4+ 51. Kg5 e2 52. g8=Q e1=Q 53. Rxe1 dxe1=Q 54. Qf7+ Ke2 55. Qf5 Qg1+ 0-1


[Site "https://www.chess.com"]

[Event "Titled Tuesday Blitz March 07 Early 2023"]
[White "Jovic, Stanoje"]
[Black "Crevatin, Leo"]
[WhiteFideId "905020"]
[BlackFideId "1726307"]
[WhiteElo "2236"]
[BlackElo "2190"]
[Result "0-1"]
[Round "04"]
[TimeControl "180+2"]
[Date "2023.03.07"]
[WhiteClock "0:00:12"]
[BlackClock "0:00:12"]

1. c4 e5 2. g3 Nf6 3. Bg2 c6 4. d4 e4 5. Nc3 d5 6. f3 exf3 7. Nxf3 dxc4 8. O-O Be7 9. Ne5 Be6 10. e4 O-O 11. d5 cxd5 12. exd5 Bc8 13. Nxc4 Bc5+ 14. Kh1 Nbd7 15. d6 Nb6 16. Nxb6 axb6 17. Bg5 Qxd6 18. Qxd6 Bxd6 19. Bxf6 gxf6 20. Rxf6 Bc5 21. Raf1 Bd4 22. R6f4 Bxc3 23. bxc3 Rxa2 24. Bd5 Rd2 25. Bxf7+ Kh8 26. h4 Bh3 27. Rb1 Kg7 28. Bh5 Rxf4 29. gxf4 Bg2+ 30. Kg1 Bc6 31. Rxb6 Rg2+ 32. Kf1 Rh2 33. Be2 Rxh4 34. Rb4 Rh3 35. c4 h5 36. Kf2 h4 37. Rb1 Rh2+ 38. Ke3 h3 39. Rg1+ Kf6 40. Bf3 Rc2 41. Bxc6 bxc6 42. Rg8 Rxc4 43. Rf8+ Kg7 44. Ra8 h2 45. Ra1 Rc2 46. Kf3 Kf6 47. Kg3 Kf5 48. Ra5+ c5 49. Ra1 c4 50. Ra5+ Ke4 51. Re5+ Kd4 52. Rh5 c3 53. Rh8 Ra2 54. Rd8+ Ke4 55. Re8+ Kf5 56. Rf8+ Kg6 57. Rg8+ Kh7 58. Rc8 h1=Q 0-1


[Site "https://www.chess.com"]

[Event "Titled Tuesday Blitz March 07 Early 2023"]
[White "Valgmae, Toomas"]
[Black "Derix, Bernhard"]
[WhiteFideId "4502523"]
[BlackFideId "4642368"]
[WhiteElo "2170"]
[BlackElo "2578"]
[Result "0-1"]
[Round "04"]
[TimeControl "180+2"]
[Date "2023.03.07"]
[WhiteClock "0:00:07"]
[BlackClock "0:00:24"]

1. d4 Nf6 2. c4 g6 3. Nc3 Bg7 4. e4 O-O 5. Be2 d6 6. Bg5 Na6 7. Qd2 e5 8. d5 c6 9. O-O-O cxd5 10. Nxd5 Be6 11. f3 Bxd5 12. cxd5 Qb6 13. Be3 Rfc8+ 14. Kb1 Qd8 15. Nh3 Nd7 16. Rc1 Ndc5 17. Nf2 f5 18. Rc2 f4 19. Bxc5 Nxc5 20. Nd3 Nxd3 21. Bxd3 Rxc2 22. Qxc2 Rc8 23. Qd2 Qb6 24. a3 Bf6 25. h3 Bh4 26. Rc1 Rd8 27. Rc2 Bg3 28. Qb4 Bf2 29. Qxb6 Bxb6 30. b4 Kg7 31. Kc1 Kf6 32. Kd2 Kg5 33. Ke2 Kh4 34. Kf1 Kg3 35. a4 a5 36. bxa5 Bxa5 37. Bb5 h5 38. Be2 g5 39. Rc4 Rh8 40. Rc2 Ra8 41. Rc1 Bb4 42. Bb5 Bc5 43. Bd7 Rd8 44. Be6 b5 45. axb5 Ra8 46. Rxc5 dxc5 47. d6 Ra1+ 48. Ke2 Kxg2 49. Bd5 g4 50. hxg4 hxg4 51. d7 gxf3+ 52. Kd2 f2 53. d8=Q f1=Q 54. Qg5+ Kh1 55. Qh4+ Kg1 56. Qg5+ Qg2+ 57. Qxg2+ Kxg2 58. b6 Rb1 59. b7 f3 60. Kc2 Rb4 0-1


[Site "https://www.chess.com"]

[Event "Titled Tuesday Blitz March 07 Early 2023"]
[White "Rodchenkov, Sergey D."]
[Black "Vifleemskaia, Svetlana"]
[WhiteFideId "4168712"]
[BlackFideId "4129490"]
[WhiteElo "2277"]
[BlackElo "1930"]
[Result "1-0"]
[Round "04"]
[TimeControl "180+2"]
[Date "2023.03.07"]
[WhiteClock "0:00:11"]
[BlackClock "0:00:01"]

1. e4 e5 2. Nf3 Nc6 3. Bc4 Nf6 4. d3 Be7 5. O-O O-O 6. a4 a6 7. Nc3 d6 8. Nd5 Nxd5 9. exd5 Nd4 10. Nxd4 exd4 11. Qf3 Bg5 12. Re1 Bd7 13. Bb3 Bf6 14. Bf4 b5 15. a5 Re8 16. h3 h6 17. Rxe8+ Bxe8 18. Re1 Bd7 19. Qg3 Kh7 20. Qf3 Qf8 21. Qe4+ g6 22. Qf3 Bg7 23. Bd2 Re8 24. c3 Rxe1+ 25. Bxe1 Qe7 26. Bd2 Qf6 27. Qxf6 Bxf6 28. c4 c6 29. cxb5 cxb5 30. Kf1 g5 31. Ke2 Kg6 32. Kf3 h5 33. Ke2 g4 34. hxg4 hxg4 35. Bb4 Be5 36. Bd1 f5 37. Kd2 f4 38. f3 gxf3 39. Bxf3 Kg5 40. Ke2 Bf5 41. Kd2 Kh4 42. Ke2 Kg5 43. Be1 Bf6 44. Bf2 Be5 45. b4 Bf6 46. Kd2 Be5 47. Be4 Bg4 48. Bh7 Bd7 49. Bg8 Bc8 50. Ke2 Bd7 51. Bf7 Bg4+ 52. Kd2 Bd7 53. Kc2 Bg4 54. Be8 Bc8 55. Bc6 Kg4 56. Kd2 f3 57. gxf3+ Kxf3 58. Bh4 Bf4+ 59. Kc2 Ke2 60. Be7 Be5 61. Bd8 Ke3 62. Be8 Ke2 63. Bg5 Kf3 64. Bh5+ Kf2 65. Bd2 1-0


[Site "https://www.chess.com"]

[Event "Titled Tuesday Blitz March 07 Early 2023"]
[White "Jiganchine, Roman"]
[Black "Leenhouts, Koen"]
[WhiteFideId "2603667"]
[BlackFideId "1008439"]
[WhiteElo "2316"]
[BlackElo "2409"]
[Result "1-0"]
[Round "04"]
[TimeControl "180+2"]
[Date "2023.03.07"]
[WhiteClock "0:00:08"]
[BlackClock "0:00:26"]

1. e4 e5 2. Nf3 d6 3. Nc3 Nf6 4. d4 exd4 5. Nxd4 Be7 6. g3 O-O 7. Bg2 c6 8. O-O a5 9. a4 Na6 10. h3 Nc5 11. Re1 Re8 12. Bf4 Bf8 13. Qd2 Ne6 14. Nxe6 Bxe6 15. Rad1 Qb6 16. b3 Rad8 17. Be3 Qb4 18. Bd4 Nd7 19. Ne2 Qxd2 20. Rxd2 d5 21. Nf4 dxe4 22. Nxe6 Rxe6 23. Rxe4 Nc5 24. Rxe6 Nxe6 25. Bc3 Rxd2 26. Bxd2 Bb4 27. c3 Bd6 28. Bf1 Kf8 29. Bc4 Nc5 30. Be3 Ne4 31. Bd4 c5 32. Bd5 cxd4 33. Bxe4 dxc3 34. Kf1 b6 35. Ke2 g6 36. Kd3 f5 37. Bd5 Bb4 38. g4 fxg4 39. hxg4 g5 40. f3 Ke7 41. Be4 h6 42. Bg6 Ke6 43. Kc2 Ke5 44. Be8 Kf4 45. Bh5 Kxf3 46. Kc1 Ke3 47. Kc2 Kd4 48. Bg6 Bd6 49. Bh5 Be5 50. Bg6 Kc5 51. Bh5 Kb4 52. Bg6 b5 53. axb5 Kxb5 54. Bh5 Kb4 55. Bg6 Bd4 56. Bh5 Ba7 57. Bg6 Bb8 58. Bh5 Be5 59. Bg6 Ka3 60. Bh5 a4 61. bxa4 Kxa4 62. Bg6 Kb4 63. Bh5 Kc5 64. Bg6 Kd4 65. Bh5 Ke3 66. Bg6 Kf4 67. Bh5 Kg3 68. Kc1 Kh4 69. Kc2 Bd4 70. Kd3 Kh3 71. Kc2 Kg3 72. Kd3 Kf3 73. Kc2 Be5 74. Kd3 Kf2 75. Kc2 Ke2 76. Bg6 Ke3 77. Bh5 Kf3 78. Kd3 Bf6 79. Kc2 Ke3 80. Bg6 Bg7 81. Bh5 Kf4 82. Kd3 Kf3 83. Kc2 Ke3 84. Bg6 Kd4 85. Bh5 Kc4 86. Bg6 Bf6 87. Bh5 Bd4 88. Bg6 Be3 89. Bh5 Bd2 90. Bg6 Kd4 91. Bh5 Ke3 92. Bg6 Kf3 93. Bh5 Kf4 94. Kd3 Be1 95. Kc2 Kg3 96. Kd3 Kf3 97. Kc2 Ke2 98. Bg6 Bd2 99. Bh5 Ke3 100. Bg6 Kf2 101. Bh5 Kf3 102. Kd3 Be1 103. Kc2 Ke3 104. Bg6 Kd4 105. Bh5 Ke5 106. Kd3 Kf6 107. Kc2 Ke5 108. Kd1 Kf4 109. Kxe1 Ke3 110. Kd1 Kd3 111. Kc1 c2 112. Bg6+ Ke3 113. Kxc2 Kf4 114. Bh5 Ke5 115. Kd3 Kf6 116. Kd4 Ke6 117. Ke4 Kf6 118. Be8 h5 119. Bxh5 Kg7 120. Kf5 Kh6 121. Kf6 Kh7 122. Kxg5 Kg7 123. Be8 Kh8 124. Bb5 Kg7 125. Bd3 Kh8 126. Kf6 Kg8 127. g5 Kh8 128. g6 Kg8 129. Bc4+ Kh8 130. g7+ Kh7 131. g8=Q+ Kh6 132. Qg6# 1-0


[Site "https://www.chess.com"]